AoeStats
← mryendl2410

Black Forest

509814722Analyzed
2v2 RM · 4d ago on Sep 28, 2026· 23m 20s· 4 players
Game mode
Random Map
Map size
Medium (4 player)
Population
200
Speed
Normal
Resources
Standard
Victory
Conquest
Starting age
Dark Age
Ending age
Imperial Age
RankedLock teamsTeams togetherTeam positionsShared explorationLock speedFull tech treeHidden civsTurbo modeCheats
Victory
Defeat
🇺🇸 Saxons · United States
1288
+16
🇺🇸 Varangians · United States
1284
+16
🇻🇳 Britons · Vietnam
1362
-19
🇲🇽 Poles · Mexico
1202
-13
Nijoru
4:15 Loom
10:20 Feudal Age
11:49 Loom
15:32 Castle Age
15:04 Double-Bit Axe
15:45 Fishing Lines
18:43 Bow Saw
19:22 Gold Mining
22:11 Fletching
JesusFreak
1:01 Loom
15:13 Feudal Age
20:41 Castle Age
21:08 Double-Bit Axe
22:19 Bow Saw
22:12 Fishing Lines
dani_guzmam13
1:34 Loom
11:42 Feudal Age
16:54 Castle Age
14:54 Horse Collar
15:09 Double-Bit Axe
21:08 Heavy Plow
mryendl2410
6:52 Loom
15:33 Feudal Age
19:23 Castle Age
17:09 Double-Bit Axe
17:05 Horse Collar
17:15 Gold Mining
17:36 Fletching
18:46 Padded Archer Armor
20:01 Bodkin Arrow
20:09 Crossbowman
Connection lost

Rejoining the realm…

Still unreachable

The connection could not be restored.

Session expired

The server has moved on; the page needs a fresh start.